 Dungeon Crawl Stone Soup version 0.29-a0-653-gd47aff6735 (webtiles) character file.

Game seed: 1123177319119244919

2902 zeratav the Marksspriggan (level 9, -7/40 HPs)
             Began as a Spriggan Arcane Marksman on June 21, 2022.
             Was a Follower of Dithmenos.
             Succumbed to a kobold brigand's curare-tipped dart
             ... on level 7 of the Dungeon.
             The game lasted 00:18:35 (9329 turns).

zeratav the Marksspriggan (SpAM)                    Turns: 9329, Time: 00:18:36

Health: -7/40      AC:  3    Str:  6    XL:     9   Next: 49%
Magic:  12/12      EV: 17    Int: 15    God:    Dithmenos [*.....]
Gold:   352        SH:  0    Dex: 19    Spells: 9/10 levels left

rFire   + . .      SeeInvis +   u - +6 shortbow {bow}
rCold   . . .      Faith    .   (shield currently unavailable)
rNeg    . . .      Spirit   .   b - +0 robe
rPois   .          Reflect  .   (helmet restricted)
rElec   .          Harm     .   q - +0 cloak
rCorr   .          Rampage  .   (gloves unavailable)
Will    +....                   (boots unavailable)
Stlth   ++++......              t - amulet of the acrobat
HPRegen 0.13/turn               k - ring of protection from fire
MPRegen 0.13/turn               s - ring of flight

@: mighty, lethally poisoned (-7 -> -36), flying, slowed, wreathed by umbra,
quick
A: very small, no large weapons, unfitting armour, see invisible, speed 3
a: Renounce Religion


You were on level 7 of the Dungeon.
You worshipped Dithmenos.
Dithmenos was aware of your devotion.
You visited 2 branches of the dungeon, and saw 8 of its levels.
You also visited: Ossuary.

You collected 455 gold pieces.
You spent 103 gold pieces at shops.


Innate Abilities, Weirdness & Mutations

You are very small and have problems with some larger weapons.
You are too small for most types of armour.
You have supernaturally acute eyesight. (SInv)
You cover ground extremely quickly. (Speed+++)


   Skills:
 - Level 0.7 Fighting
 + Level 15.1 Bows
 - Level 2.6 Dodging
 - Level 5.0 Stealth
 - Level 1.3 Spellcasting
 - Level 3.6 Hexes


You had 9 spell levels left.
You knew the following spells:

 Your Spells              Type           Power      Damage    Failure   Level
a - Slow                  Hex            44%        N/A       5%          1

Your spell library contained the following spells:

 Spells                   Type           Power      Damage    Failure   Level
 Tukima's Dance           Hex            11%        N/A       16%         3
 Ensorcelled Hibernation  Hex/Ice        12%        N/A       17%         2
 Passwall                 Tmut/Erth      0%         N/A       34%         2
 Inner Flame              Hex/Fire       6%         N/A       34%         3
 Portal Projectile        Hex/Tloc       12%        N/A       34%         3
 Cause Fear               Hex            5%         N/A       47%         4
 Swiftness                Air            1%         N/A       56%         3
 Passage of Golubria      Tloc           1%         N/A       93%         4
 Yara's Violent Unravell  Hex/Tmut       3%         3d4       97%         5

Inventory:

Hand Weapons
 u - a +6 shortbow (weapon) {bow}
   (You took it off a centaur on level 4 of the Dungeon)
Armour
 b - a +0 robe (worn)
 q - a +0 cloak (worn)
   (You bought it in a shop on level 5 of the Dungeon)
Jewellery
 k - a ring of protection from fire (left hand)
   (You found it on level 2 of the Dungeon)
 s - a ring of flight (right hand)
   (You found it on level 5 of the Dungeon)
 t - an amulet of the acrobat (around neck)
   (You found it on level 4 of the Dungeon)
 w - a ring of ice
   (You found it on level 6 of the Dungeon)
 x - a ring of protection from fire
   (You found it on level 6 of the Dungeon)
Wands
 e - a wand of digging (7)
   (You found it on level 6 of the Dungeon)
 p - a wand of light (25)
   (You found it on level 6 of the Dungeon)
Scrolls
 a - a scroll of fear
 c - 3 scrolls of vulnerability {!r!r}
 j - 3 scrolls of identify {@r1}
 m - 3 scrolls of magic mapping {!r}
 o - a scroll of fog
 v - a scroll of silence {!r}
Potions
 d - 2 potions of heal wounds {unknown}
 f - 3 potions of curing {unknown}
 g - a potion of attraction {unknown}
 h - 4 potions of might
 i - 2 potions of cancellation {unknown}
 l - 3 potions of flight
 n - a potion of magic {unknown}
 r - 2 potions of brilliance {unknown}

Dungeon Overview and Level Annotations

Branches:
Dungeon (7/15) Zot: 26044  Temple (1/1) D:5 Zot: 5956 Ossuary (visited)

Altars:
Ashenzari
Cheibriados
Dithmenos
Gozag
Hepliaklqana
Kikubaaqudgha
Makhleb
Nemelex Xobeh
Okawaru
Qazlal
Ru
Uskayaw
Vehumet
Wu Jian
Xom
Yredelemnul
Zin
The Shining One

Shops:
D:5

[ #####################
..>.......).........##
################.....# #.###.#
#.# #.# ####### #######.# #.#
....... ........# #.## ##+####
#'####.@# #.†# .....##
....###.# ##.# ....###
...####.# #.## ...###.
..###.#K####..#####.# ..###K.
.###..#............>#
.###JK...###...'.#####..####.#
######'####....#.# ##.#
##.#.....#.....#.# #.# .#
#).#.....#....##.# #(## #.#


You could see a kobold brigand.


Message History

Confirm with . or Enter, or press ? or * to list all spells.
Aiming: Slow (safe; 5% risk of failure)
Press: ? - help, Shift-Dir - straight line, f - Pikel
Aim: Pikel, wielding a +2 whip of freezing, wearing a +0 robe and carrying a wand of light (8) (chance to affect: 50%) Pikel resists with some effort.
MP[-1]
You lost 1 mp, and now have 11/12 mp.
Shoot: u) +6 shortbow {bow}
Press: ? - help, Q - select action, (/) - cycle Shift-Dir - straight line, f/p - Pikel
Aim: Pikel, wielding a +2 whip of freezing, wearing a +0 robe and carrying a wand of light (8) (68% to hit)
You shoot an arrow. The arrow hits Pikel!
Shoot: u) +6 shortbow {bow}
Press: ? - help, Q - select action, (/) - cycle Shift-Dir - straight line, f/p - Pikel
Aim: Pikel, wielding a +2 whip of freezing, wearing a +0 robe and carrying a wand of light (8) (moderately wounded, 68% to hit)
You shoot an arrow. The arrow hits Pikel!
Shoot: u) +6 shortbow {bow}
Press: ? - help, Q - select action, (/) - cycle Shift-Dir - straight line, f/p - Pikel
Aim: Pikel, wielding a +2 whip of freezing, wearing a +0 robe and carrying a wand of light (8) (heavily wounded, 68% to hit)
You shoot an arrow. The arrow barely misses Pikel.
The arrow misses the lemure.
Shoot: u) +6 shortbow {bow}
Press: ? - help, Q - select action, (/) - cycle Shift-Dir - straight line, f/p - Pikel
Aim: Pikel, wielding a +2 whip of freezing, wearing a +0 robe and carrying a wand of light (8) (heavily wounded, 68% to hit)
You shoot an arrow. The arrow closely misses Pikel.
The arrow hits the lemure.
Shoot: u) +6 shortbow {bow}
Press: ? - help, Q - select action, (/) - cycle Shift-Dir - straight line, f/p - Pikel
Aim: Pikel, wielding a +2 whip of freezing, wearing a +0 robe and carrying a wand of light (8) (heavily wounded, 68% to hit)
You shoot an arrow. The arrow hits Pikel.
Shoot: u) +6 shortbow {bow}
Press: ? - help, Q - select action, (/) - cycle Shift-Dir - straight line, f/p - Pikel
Aim: Pikel, wielding a +2 whip of freezing, wearing a +0 robe and carrying a wand of light (8) (severely wounded, 68% to hit)
You shoot an arrow. The arrow closely misses Pikel.
The arrow barely misses the lemure.
Shoot: u) +6 shortbow {bow}
Press: ? - help, Q - select action, (/) - cycle Shift-Dir - straight line, f/p - Pikel
Aim: Pikel, wielding a +2 whip of freezing, wearing a +0 robe and carrying a wand of light (8) (severely wounded, umbra, 68% to hit)
You shoot an arrow. The arrow hits Pikel.
Pikel misses you.
Shoot: u) +6 shortbow {bow}
Press: ? - help, Q - select action, (/) - cycle Shift-Dir - straight line, f/p - Pikel
Aim: Pikel, wielding a +2 whip of freezing, wearing a +0 robe and carrying a wand of light (8) (severely wounded, umbra, 68% to hit)
You shoot an arrow. The arrow hits Pikel.
Pikel misses you.
MP[+1]
Your mp is fully restored (12).
Shoot: u) +6 shortbow {bow}
Press: ? - help, Q - select action, (/) - cycle Shift-Dir - straight line, f/p - Pikel
Aim: Pikel, wielding a +2 whip of freezing, wearing a +0 robe and carrying a wand of light (8) (almost dead, 68% to hit)
You shoot an arrow. The arrow hits Pikel!
You kill Pikel!
Dithmenos accepts your kill.
With Pikel's spell broken, his former minion thanks you for its freedom.
The lemure departs this earthly plane.
Your Bows skill increases to level 15!
y - a +2 whip of freezing {mace}
p - a wand of light (25) (gained 8 charges)
l - 4 golden potions (gained 1)
Things that are here:
a +0 robe; the kobold corpse of Pikel You drop a +2 whip of freezing {mace}.
A kobold brigand is nearby!
No reachable target in view!
You shoot an arrow.
The arrow barely misses the kobold brigand.
The kobold brigand throws a curare-tipped dart.
The curare-tipped dart hits you.
You are poisoned.
You have difficulty breathing.
You feel yourself slow down.
HP[-9]
You take 9 damage, and now have 31/40 hp.
MASSIVE DAMAGE!! (PAUSE)
You feel very sick.
The kobold brigand throws a curare-tipped dart.
The curare-tipped dart hits you.
You are more poisoned.
You have difficulty breathing.
You feel as though you will be slow longer.
HP[-10]
You take 10 damage, and now have 21/40 hp.
MASSIVE DAMAGE!! (PAUSE)
* * * LOW HITPOINT WARNING * * *
You feel very sick.
HP[-3]
You take 3 damage, and now have 18/40 hp.
It was a potion of might.
You feel very mighty all of a sudden.
* * * LOW HITPOINT WARNING * * *
You feel very sick.
The kobold brigand throws a curare-tipped dart.
The curare-tipped dart hits you.
You are lethally poisoned!
You have difficulty breathing.
* * * LOW HITPOINT WARNING * * *
You feel as though you will be slow longer.
HP[-16]
You take 16 damage, and now have 2/40 hp.
MASSIVE DAMAGE!! (PAUSE) It was a potion of flight.
You feel more buoyant.
You die...

Skill      XL: |  1  2  3  4  5  6  7  8  9 |
---------------+----------------------------+-----
Bows           | 3 4 5 6 8 9 10 13 15 | 15.1
Stealth        | 5 |  5.0
Fighting       | |  0.7
Dodging        | |  2.6
Spellcasting   | |  1.3
Hexes          | |  3.6

Action                   |  1- 3 |  4- 6 |  7- 9 || total
-------------------------+-------+-------+-------++-------
 Fire: Shortbow          |   120 |   148 |   384 ||   652
 Cast: Slow              |     5 |     1 |    11 ||    17
  Use: Scroll            |       |       |     7 ||     7
       Potion            |       |       |     2 ||     2
Armor: Robe              |     5 |     3 |    14 ||    22
Dodge: Dodged            |    34 |    28 |    89 ||   151

Levels and vault maps discovered:
D:1:      ldierk_walled_garden_2, layout_loops_ring
D:2:      layout_basic
D:3:      layout_basic, xom_confusion_cloud, grunt_ministairs_11,
          nrook_loot_triangle, st_stairs_7,
          wander_ebering_terrifying_dragon_lair, uniq_grinder
D:4:      layout_basic, serial_aquarium, aquarium_bridge_square
          [aquarium_subvault_bridge, aquarium_subvault_bridge,
          aquarium_subvault_window, aquarium_subvault_window],
          aquarium_window_corner, aquarium_window_fake, aquarium_window_corner,
          aquarium_window_corridor_1, aquarium_view_2d, aquarium_view_2d,
          aquarium_balcony_double_3
D:5:      cheibrodos_quashed, layout_layer_cave, grunt_temple_overflow_opulence,
          grunt_dithmenos_smoke_and_mirrors, nicolae_overflow_hidden_temple,
          temple_hall, enter_ossuary_2, nicolae_stop_n_shop_1
D:6:      layout_rooms, chequers_serial_rivers_micro_c
D:7:      layout_basic, mainiacjoe_overflow_catwalk, mainiacjoe_overflow_paths,
          minmay_quadrilaterals, uniq_pikel
Temple:   compressed_dpeg_triangle_lava_temple

Notes
Turn   | Place    | Note
-------+----------+-------------------------------------------
     0 | D:1      | zeratav the Spriggan Arcane Marksman began the quest for
                  | the Orb.
     0 | D:1      | Reached XP level 1. HP: 9/9 MP: 3/3
     0 | D:1      | magus.rc [v1.9.6]
    79 | D:1      | Reached skill level 3 in Bows
   128 | D:1      | Reached XP level 2. HP: 14/14 MP: 5/5
   769 | D:1      | Reached skill level 4 in Bows
   849 | D:2      | Identified the +4 whip "Hot Emudia" {vorpal, rC+ Int+2}
   908 | D:2      | Reached XP level 3. HP: 12/17 MP: 6/6
  1148 | D:2      | Reached skill level 5 in Bows
  1399 | D:2      | Reached XP level 4. HP: 21/21 MP: 7/7
  1729 | D:3      | Found a shimmering altar of Xom.
  1830 | D:3      | Noticed Grinder
  2135 | D:3      | Reached skill level 6 in Bows
  2143 | D:3      | Reached XP level 5. HP: 25/25 MP: 8/8
  2263 | D:3      | Reached skill level 7 in Bows
  2576 | D:3      | Paralysed by Grinder for 4 turns
  2668 | D:3      | Paralysed by Grinder for 5 turns
  2678 | D:3      | Killed Grinder
  2679 | D:3      | Reached skill level 8 in Bows
  2679 | D:3      | Reached XP level 6. HP: 22/29 MP: 9/9
  3512 | D:4      | You fall into a shaft and drop 2 floors!
  3645 | D:5      | Entered Level 5 of the Dungeon
  3688 | D:5      | Found a sacrificial altar of Ru.
  3688 | D:5      | Found a glowing golden altar of the Shining One.
  3708 | D:5      | Found Bielot's Antique Armour Shop.
  3717 | D:5      | Bought a cloak for 103 gold pieces
  3750 | D:5      | Found a staircase to the Ecumenical Temple.
  3779 | Temple   | Entered the Ecumenical Temple
  3897 | D:5      | Reached skill level 9 in Bows
  3897 | D:5      | Reached XP level 7. HP: 20/32 MP: 10/10
  4055 | D:5      | Found an opulent altar of Gozag.
  4056 | D:5      | Found a sparkling altar of Nemelex Xobeh.
  4106 | D:5      | Found a sand-covered staircase.
  4112 | Ossuary  | Entered an ossuary
  4135 | Ossuary  | HP: 7/32 [centaur zombie (2)]
  4574 | D:5      | Reached skill level 10 in Bows
  4574 | D:5      | Reached skill level 2 in Stealth
  4698 | D:5      | Reached skill level 3 in Stealth
  4967 | D:5      | Found a shadowy altar of Dithmenos.
  4971 | D:5      | Became a worshipper of Dithmenos the Shadowed
  5165 | D:5      | Reached skill level 4 in Stealth
  5488 | D:5      | Reached skill level 5 in Stealth
  5668 | D:5      | Found a broken altar of Ashenzari.
  6109 | D:4      | You add the spells Tukima's Dance, Passage of Golubria and
                  | Yara's Violent Unravelling to your library.
  6780 | D:4      | Reached XP level 8. HP: 37/37 MP: 11/11
  7166 | D:6      | You pick up a book of Burglary and begin reading...
  7166 | D:6      | You add the spells Passwall, Ensorcelled Hibernation and
                  | Swiftness to your library.
  7222 | D:6      | Reached skill level 11 in Bows
  7286 | D:6      | HP: 9/37 [poisoned by a water moccasin]
  7291 | D:6      | HP: 7/37 [poisoned by a water moccasin]
  7888 | D:6      | Reached skill level 12 in Bows
  8202 | D:7      | Noticed Pikel
  8232 | D:7      | Reached * piety under Dithmenos
  8447 | D:7      | Noticed a slime creature
  8548 | D:7      | Noticed a slime creature
  8550 | D:7      | Noticed a slime creature
  8692 | D:7      | Killed a slime creature
  8693 | D:7      | Reached skill level 13 in Bows
  8844 | D:7      | Killed a slime creature
  8845 | D:7      | Reached XP level 9. HP: 40/40 MP: 12/12
  8979 | D:7      | Found a snail-covered altar of Cheibriados.
  9076 | D:7      | Found a hide-covered altar of Uskayaw.
  9108 | D:7      | Reached skill level 14 in Bows
  9302 | D:7      | Killed Pikel
  9303 | D:7      | Reached skill level 15 in Bows
  9328 | D:7      | HP: 2/40 [asphyx]
  9329 | D:7      | Succumbed to a kobold brigand's curare-tipped dart

Vanquished Creatures
  Pikel (D:7)
  Grinder (D:3)
  2 slime creatures (D:7)
  A water moccasin (D:5)
  2 orc warriors
  A sky beast (D:7)
  An ogre (D:5)
  A black bear (D:6)
  A centaur (D:4)
  2 lemures (D:7)
  2 necrophages
  A kobold brigand (D:4)
  2 scorpions (D:5)
  2 bullfrogs (D:7)
  A killer bee (D:7)
  2 howler monkeys (D:7)
  A bullfrog zombie (Ossuary)
  3 hounds
  A gnoll shaman (D:7)
  A jelly (D:6)
  4 orc priests
  3 orc wizards
  A mummy (D:5)
  8 gnolls
  5 adders
  A shadow imp (D:6)
  A white imp (D:7)
  An ufetubus (D:7)
  3 worms
  3 dart slugs
  23 orcs
  5 bats
  9 endoplasms
  A giant cockroach (D:2)
  12 goblins
  9 hobgoblins
  11 kobolds
  5 quokkas
  13 ball pythons
  4 frilled lizards
  8 rats
159 creatures vanquished.

Vanquished Creatures (others)
  9 fungi (D:4)
  4 toadstools (D:1)
  2 withered plants (Ossuary)
15 creatures vanquished.

Grand Total: 174 creatures vanquished

Table legend:
 A = Non-vault XP
 B = Vault XP
 C = Vault XP percentage of total XP
 D = Non-vault monster count
 E = Vault monster count
 F = Vault count percentage of total count
                 A         B        C        D         E       F
            +---------+---------+-------+---------+---------+-------
      Total |    2676 |    1471 |  35.5 |     132 |      25 |  15.9
            +---------+---------+-------+---------+---------+-------
        D:1 |      29 |       0 |   0.0 |      19 |       0 |   0.0
        D:2 |      70 |       0 |   0.0 |      25 |       0 |   0.0
        D:3 |     200 |     300 |  60.0 |      22 |      15 |  40.5
        D:4 |     239 |       0 |   0.0 |      15 |       0 |   0.0
        D:5 |     721 |      18 |   2.4 |      24 |       1 |   4.0
        D:6 |     464 |       0 |   0.0 |      10 |       0 |   0.0
        D:7 |     953 |    1106 |  53.7 |      17 |       8 |  32.0
    Ossuary |       0 |      47 | 100.0 |       0 |       1 | 100.0
            +---------+---------+-------+---------+---------+-------

Illustrated notes

Table legend:
 A = Kills in this place as a percentage of kills in entire the game.
 B = Kills by you in this place as a percentage of kills by you in the entire game.
 C = Kills by friends in this place as a percentage of kills by friends in the entire game.
 D = Other kills in this place as a percentage of other kills in the entire game.
 E = Experience gained in this place as a percentage of experience gained in the entire game.
 F = Experience gained in this place divided by the number of levels of this place that you have seen.
                   A       B       C       D       E      F
               +-------+-------+-------+-------+-------+----------------------
         Total | 100.0 | 100.0 |   N/A |   N/A | 100.0 | 460.8
       Dungeon |  99.4 |  99.4 |   N/A |   N/A |  98.9 | 585.7
       Ossuary |   0.6 |   0.6 |   N/A |   N/A |   1.1 |  47.0
               +-------+-------+-------+-------+-------+----------------------

Table legend: (Time is in decaauts)
 A = Elapsed time spent in this place.
 B = Non-inter-level travel time spent in this place.
 C = Inter-level travel time spent in this place.
 D = Time resting spent in this place.
 E = Time spent auto-exploring this place.
 F = Levels seen in this place.
 G = Mean time per level.
                   A        B        C        D        E       F      G
               +--------+--------+--------+--------+--------+-----+--------+
         Total |   7018 |   6725 |    293 |    956 |   4347 |   9 |  779.8 |
       Dungeon |   6950 |   6662 |    288 |    956 |   4340 |   7 |  992.9 |
        Temple |     43 |     38 |      5 |      0 |      0 |   1 |   43.0 |
       Ossuary |     23 |     23 |      0 |      0 |      7 |   1 |   23.0 |
               +--------+--------+--------+--------+--------+-----+--------+

Top non-repeatable levels by time:
     D:5: 2041 daAuts
     D:3: 1225 daAuts
     D:7: 955 daAuts
     D:4: 907 daAuts
     D:2: 703 daAuts
     D:1: 585 daAuts
     D:6: 532 daAuts
  Temple: 43 daAuts
 Ossuary: 23 daAuts
